 Dungeon Crawl Stone Soup version 0.28.0-43-g3370ac3207 (console) character file.

Game seed: 11294495621542196146

50 Zeor the Skirmisher (level 3, -2/31 HPs)
             Began as a Palentonga Fighter on Mar 16, 2022.
             Succumbed to an adder's poison
             ... on level 2 of the Dungeon.
             The game lasted 00:05:22 (1211 turns).

Zeor the Skirmisher (Palentonga Fighter)            Turns: 1211, Time: 00:05:22

Health: -2/31      AC:  6    Str: 21    XL:     3   Next: 55%
Magic:  3/3        EV:  7    Int:  8    God:
Gold:   107        SH:  4    Dex:  9    Spells: 2/2 levels left

rFire   . . .      SeeInvis +   a - +0 long sword
rCold   . . .      Faith    .   c - +0 buckler
rNeg    . . .      Spirit   .   b - +0 scale mail
rPois   .          Reflect  .   (no helmet)
rElec   .          Harm     .   (no cloak)
rCorr   .          Rampage  .   (no gloves)
Will    .....                   (no barding)
Stlth   ..........              (no amulet)
HPRegen 0.10/turn               (no ring)
MPRegen 0.08/turn               (no ring)

@: lethally poisoned (-2 -> -9), invisible
A: large, rugged brown scales 3, see invisible, deformed body, roll 1, armoured
tail
a: Rolling Charge


You were on level 2 of the Dungeon.
You visited 1 branch of the dungeon, and saw 2 of its levels.

You collected 107 gold pieces.

Inventory:

Hand Weapons
 a - a +0 long sword (weapon)
Armour
 b - a +0 scale mail (worn)
 c - a +0 buckler (worn)
Jewellery
 h - the ring "Bumas" {Fire Int+6 Stlth+}
   (You found it on level 2 of the Dungeon)

   [ring of fire]

   It enhances your fire magic.
   Int:       It affects your intelligence (+6).
   rF:        It protects you from fire.
   rC:        It makes you vulnerable to cold.
   Stlth:     It makes you more stealthy.
Potions
 d - a potion of might
 e - a potion of invisibility
 f - a potion of haste {unknown}
 g - a potion of brilliance {unknown}
 i - a potion of degeneration {unknown}


   Skills:
 + Level 3.2 Fighting
 * Level 3.0 Long Blades
 + Level 2.7 Armour
 + Level 2.8 Shields


You had 2 spell levels left.
You didn't know any spells.
Your spell library was empty.

Dungeon Overview and Level Annotations

Branches:
Dungeon (2/15)

Altars:

Shops:
D:2 *


Innate Abilities, Weirdness & Mutations

You are completely covered in rugged brown scales. (AC +3, +7% HP)
You have supernaturally acute eyesight. (SInv)
Armour fits poorly on your strangely shaped body.
You can roll at nearby foes to attack.
You have a long armoured tail.


Message History

The adder poisons you!
You closely miss the adder.
Your tail-slap misses the adder.
The adder is moderately wounded.
You feel very sick. The adder closely misses you.
The adder bites you but does no damage.
You closely miss the adder.
Your tail-slap misses the adder.
The adder is moderately wounded.
You feel sick. The adder barely misses you.
You miss the adder.
Your tail-slap misses the adder.
The adder is moderately wounded.
You feel sick. The adder bites you.
* * * LOW HITPOINT WARNING * * *
The adder bites you but does no damage.
You miss the adder.
The adder is moderately wounded.
You feel sick. You block the adder's attack.
You barely miss the adder.
The adder is moderately wounded.
You feel sick.
The adder bites you but does no damage. x2
You miss the adder.
The adder is moderately wounded.
You feel sick.
You are no longer poisoned.
The adder bites you but does no damage. x2
You hit the adder.
The adder is almost dead.
You block the adder's attack. The adder bites you.
* * * LOW HITPOINT WARNING * * *
You closely miss the adder. You tail-slap the adder.
The adder is almost dead.
The adder bites you but does no damage.
It was a potion of invisibility.
You fade into invisibility!
You block the adder's attack. The adder bites you.
* * * LOW HITPOINT WARNING * * *
You are lethally poisoned!
The adder poisons you!
You slash the adder!
You kill the adder!
You die... ▒∙▒ ∙∙∙∙∙ ▒∙∙ ∙∙▒▒▒▒▒ ▒∙▒ ∙∙∙∙∙∙∙

▒∙▒ ▒▒▒▒▒ ▒▒▒▒∙▒
▒∙) ▒∙∙∙∙▒ ▒∙▒
▒∙▒▒∙▒ ▒▒▒▒∙▒
▒∙▒▒∙▒▒ ▒∙∙∙∙∙
▒H▒▒∙∙▒ ▒∙▒▒∙▒
▒†▒▒▒∙▒ ▒▒▒∙▒▒∙▒
▒∙▒ ▒∙▒▒ ▒∙∙∙∙∙∙∙
▒∙▒▒▒∙∙▒▒▒▒∙▒∙▒▒∙▒
▒∙▒∙∙▒'▒∙∙∙∙▒∙▒▒∙▒
▒∙▒∙∙■∩'∙▒∙∙∙∙∙▒∙▒
▒∙▒∙▒▒■▒▒▒∙▒▒∙∙∙∙∙
▒∙▒∙▒∙∙ ▒∙▒▒▒∙∙∙∙
▒∙▒∙∙▒▒▒∙▒▒▒▒▒▒▒


There were no monsters in sight!

Vanquished Creatures
  2 adders (D:2)
  A dart slug (D:2)
  2 bats (D:1)
  3 endoplasms
  6 goblins
  8 hobgoblins
  A quokka (D:2)
  4 ball pythons
  3 frilled lizards
  2 kobolds
  5 rats
37 creatures vanquished.

Notes
Turn   | Place    | Note
-------+----------+-------------------------------------------
     0 | D:1      | Zeor the Palentonga Fighter began the quest for the Orb.
     0 | D:1      | Reached XP level 1. HP: 19/19 MP: 1/1
   114 | D:1      | Reached XP level 2. HP: 25/25 MP: 2/2
   607 | D:1      | Found a faded altar of an unknown god.
   864 | D:2      | Reached XP level 3. HP: 31/31 MP: 3/3
   915 | D:2      | Identified the ring "Bumas" {Fire Int+6 Stlth+}
  1177 | D:2      | Found Beoq's General Store.
  1210 | D:2      | HP: 1/31 [adder (3)]
  1211 | D:2      | Succumbed to an adder's poison

Illustrated notes

Levels and vault maps discovered:
D:1:      minmay_arrival_diagonal_passages, layout_loops_ring,
          hellmonk_ecumenical_altar_heavens_door, solitary_fountain
D:2:      layout_loops_ring, serial_shops, nicolae_shop_behind_doors,
          solitary_fountain, grunt_decor_junction

Skill      XL: |  1  2  3 |
---------------+----------+-----
Long Blades    | 3 |  3.0
Fighting       | |  3.2
Armour         | |  2.7
Shields        | |  2.8

Action                   || total
-------------------------++-------
Melee: Long sword        ||    86
       Tailslap          ||    12
 Abil: Rolling Charge    ||    31
  Use: Scroll            ||     2
       Potion            ||     1
Armor: Scale mail        ||    34
Dodge: Dodged            ||    20
Block: Buckler           ||    10
